 Dungeon Crawl Stone Soup version 0.28-a0-1130-gc51a68064b (console) character file.

Game seed: 7547443393132238775

6514 jejorda2 the Basher (level 10, -1/124 HPs)
             Began as a White Draconian Berserker on Dec 12, 2021.
             Was a High Priest of Trog.
             Slain by a two-headed ogre (6 damage)
             ... on level 10 of the Dungeon.
             The game lasted 00:30:00 (10011 turns).

jejorda2 the Basher (White Draconian Berserker)    Turns: 10011, Time: 00:30:01

Health: -1/124     AC: 11    Str: 19    XL:     10   Next: 69%
Magic:  10/10      EV: 14    Int:  9    God:    Trog [*****.]
Gold:   64         SH:  6    Dex: 14    Spells: 9/9 levels left

rFire   + + +      SeeInvis .   a - +3 morningstar (holy)
rCold   + + .      Faith    +   b - +0 buckler
rNeg    . . .      Spirit   .   (armour unavailable)
rPois   +          Reflect  .   (helmet restricted)
rElec   +          Harm     .   F - +0 cloak
rCorr   +          Rampage  .   (no gloves)
Will    +....                   o - +2 pair of boots
Stlth   ..........              y - amulet of the Tempest {Faith rF+ rC+ rCorr}
HPRegen 0.30/turn               O - ring of protection from fire
MPRegen 0.12/turn               M - ring "Unwo" {rElec rPois rF+ Will+ Stlth+}

@: berserking, very quick
A: breathe frost, AC +7, unfitting armour, cold resistance 1, cold-blooded
a: Breathe Frost, Renounce Religion, Berserk, Trog's Hand, Brothers in Arms


You were on level 10 of the Dungeon.
You worshipped Trog.
Trog was extremely pleased with you.
You visited 1 branch of the dungeon, and saw 10 of its levels.
You also visited: Ossuary.

You collected 877 gold pieces.
You spent 813 gold pieces at shops.

Inventory:

Hand Weapons
 a - a +3 morningstar of holy wrath (weapon)
 m - a +0 flail
Missiles
 c - 2 curare-tipped darts
 h - 7 boomerangs
 k - 323 stones (quivered)
 v - 43 sling bullets
 z - 48 poisoned darts
 A - 7 throwing nets
Armour
 b - a +0 buckler (worn)
 o - a +2 pair of boots (worn)
 t - a +0 kite shield
 F - a +0 cloak (worn)
Jewellery
 r - a ring of protection from cold
 u - an amulet of reflection
 y - the amulet of the Tempest (around neck) {Faith rF+ rC+ rCorr}
   (You acquired it in an ossuary)

   [amulet of faith]

   It allows you to gain divine favour quickly.
   rF:        It protects you from fire.
   rC:        It protects you from cold.
   rCorr:     It protects you from acid and corrosion.
 M - the ring "Unwo" (right hand) {rElec rPois rF+ Will+ Stlth+}
   (You acquired it on level 4 of the Dungeon)

   [ring of willpower]

   rF:        It protects you from fire.
   rElec:     It insulates you from electricity.
   rPois:     It protects you from poison.
   Will:      It increases your willpower.
   Stlth:     It makes you more stealthy.
 O - a ring of protection from fire (left hand)
Wands
 d - a wand of iceblast (13)
 e - a wand of digging (4)
 i - a wand of charming (12)
 H - a wand of mindburst (11)
 I - a wand of polymorph (12)
 K - a wand of paralysis (5)
 L - a wand of flame (22)
Scrolls
 p - 6 scrolls of teleportation
 q - 3 scrolls of magic mapping
 E - a scroll of blinking
 G - 5 scrolls of fog
 J - a scroll of enchant armour
Potions
 f - a potion of might
 g - 2 potions of attraction
 j - 2 potions of resistance
 l - 2 potions of curing
 n - 2 potions of heal wounds
 s - a potion of lignification
 w - a potion of flight
 x - 4 potions of mutation
 B - 3 potions of haste
 C - a potion of brilliance
 D - a potion of berserk rage
 N - a potion of magic {unknown}


   Skills:
 - Level 6.0 Fighting
 * Level 12.4 Maces & Flails
 - Level 6.0 Dodging
 + Level 8.1 Shields


You had 9 spell levels left.
You didn't know any spells.
Your spell library was empty.

Dungeon Overview and Level Annotations

Branches:
Dungeon (10/15)            Temple (0/1) D:4             Orc (0/2) D:9
Ossuary (visited)
   Lair: D:8-11

Altars:
Wu Jian
The Shining One

Shops:
D:4 ??(   D:9 *

Annotations:
D:7 3 runed translucent doors, Daunt's ghost, novice DEFE


Innate Abilities, Weirdness & Mutations

You can breathe waves of freezing cold which knock back foes.
Your icy white scales are hard. (AC +7)
You cannot fit into any form of body armour.
Your flesh is cold resistant. (rC+)
You are cold-blooded and may be slowed by cold attacks.


Message History

The two-headed ogre shouts in stereo!
Found 24 gold pieces and a scroll of noise.
There is a stone staircase leading up here.
A two-headed ogre is nearby!
You throw a stone.
The stone barely misses the two-headed ogre.
You throw a stone.
The stone hits the two-headed ogre but does no damage.
You throw a stone.
The stone hits the two-headed ogre but does no damage.
You throw a stone. The stone hits the two-headed ogre.
The two-headed ogre is lightly wounded.
You throw a stone.
The stone hits the two-headed ogre but does no damage.
The two-headed ogre is lightly wounded.
You hit the two-headed ogre.
The two-headed ogre is lightly wounded.
The two-headed ogre hits you with a +0 great mace!
The two-headed ogre hits you with a +0 giant club!
You barely miss the two-headed ogre.
You tail-slap the two-headed ogre, but do no damage.
The two-headed ogre is lightly wounded.
The two-headed ogre hits you with a +0 great mace!
You block the two-headed ogre's attack.
You impale the two-headed ogre!!
The two-headed ogre is heavily wounded.
You completely miss the two-headed ogre.
The two-headed ogre is heavily wounded.
The two-headed ogre hits you with a +0 great mace!!
The two-headed ogre hits you with a +0 giant club!!
* * * LOW HITPOINT WARNING * * *
You are too injured to fight recklessly!
You are too injured to fight recklessly!
Unknown command.
A red film seems to cover your vision as you go berserk!
You feel yourself moving faster!
You feel mighty!
The two-headed ogre hits you with a +0 great mace!!
* * * LOW HITPOINT WARNING * * *
The two-headed ogre hits you with a +0 giant club.
You die...

# #. #?.
###### #(..
.....# #.(((
.....#
#....(##.....#
......O@.....#
......##.....#
...$. .....#
###. ....... #
.####.. .. .
.. .#


You could see a two-headed ogre.

Vanquished Creatures
  Harold (D:7)
  A two-headed ogre (D:8)
  A troll (D:7)
  A shadow (D:9)
  A wyvern (D:9)
  Menkaure (D:5)
  A water moccasin (D:6)
  2 orc warriors
  3 ogres
  2 black bears
  2 ice beasts (D:8)
  2 centaurs
  A necrophage (D:6)
  A phantom (D:9)
  3 kobold brigands
  6 bullfrogs
  A gnoll sergeant (D:8)
  4 water moccasin zombies (Ossuary)
  2 wyvern zombies
  A water moccasin skeleton (D:6)
  2 troll zombies (D:9)
  3 howler monkeys
  6 centaur zombies (Ossuary)
  6 bullfrog zombies
  6 hounds
  A bullfrog skeleton (D:5)
  3 jellies
  A gnoll shaman (D:6)
  7 orc priests
  Crazy Yiuf (D:5)
  6 iguanas
  5 orc wizards
  Natasha (twice) (D:2)
  Terence (D:2)
  A killer bee zombie (Ossuary)
  4 ogre zombies (D:9)
  14 mummies
  4 howler monkey zombies (Ossuary)
  Robin (D:2)
  2 howler monkey skeletons (D:5)
  12 gnolls
  9 adders
  A shadow imp (D:7)
  A white imp (D:5)
  2 dart slugs
  30 orcs
  6 bats
  7 endoplasms
  4 giant cockroaches
  12 goblins
  18 hobgoblins
  4 quokkas
  4 ball pythons
  6 frilled lizards
  A goblin skeleton (D:9)
  2 goblin zombies (D:9)
  3 hobgoblin zombies (D:9)
  21 kobolds
  An orc skeleton (D:9)
  13 orc zombies (D:9)
  5 rats
275 creatures vanquished.

Vanquished Creatures (collateral kills)
  A troll zombie (D:9)
  A howler monkey (D:9)
  An ogre zombie (D:9)
  A goblin skeleton (D:9)
  A goblin zombie (D:9)
  2 hobgoblin zombies (D:9)
  An orc zombie (D:9)
8 creatures vanquished.

Vanquished Creatures (others)
  9 fungi (D:6)
  4 toadstools (D:6)
  4 withered plants (Ossuary)
17 creatures vanquished.

Grand Total: 300 creatures vanquished

Notes
Turn   | Place    | Note
-------+----------+-------------------------------------------
     0 | D:1      | jejorda2 the Draconian Berserker began the quest for the
                  | Orb.
     0 | D:1      | Reached XP level 1. HP: 19/19 MP: 1/1
   317 | D:1      | Reached XP level 2. HP: 26/26 MP: 2/2
   774 | D:1      | Found a faded altar of an unknown god.
   883 | D:2      | Noticed Terence
   893 | D:2      | Killed Terence
   894 | D:2      | Reached XP level 3. HP: 33/33 MP: 3/3
   960 | D:2      | Reached skill level 4 in Maces & Flails
  1291 | D:2      | Reached ** piety under Trog
  1296 | D:2      | Reached XP level 4. HP: 37/40 MP: 4/4
  1380 | D:2      | Noticed Robin
  1400 | D:2      | Killed Robin
  1623 | D:2      | Noticed Natasha
  1630 | D:2      | Killed Natasha
  1650 | D:2      | Reached XP level 5. HP: 44/46 MP: 5/5
  1699 | D:2      | Noticed Natasha
  1706 | D:2      | Killed Natasha
  1835 | D:3      | Found an ornate altar of the Wu Jian Council.
  2014 | D:3      | Reached skill level 5 in Maces & Flails
  2249 | D:3      | Reached *** piety under Trog
  2258 | D:3      | Reached XP level 6. HP: 53/53 MP: 6/6
  2359 | D:3      | Reached skill level 1 in Shields
  2562 | D:4      | Found Neuts's Magic Scroll Boutique.
  2568 | D:4      | Found a staircase to the Ecumenical Temple.
  2569 | D:4      | Bought a scroll of magic mapping for 35 gold pieces
  2569 | D:4      | Bought a scroll of teleportation for 30 gold pieces
  2569 | D:4      | Bought a scroll of identify for 20 gold pieces
  3090 | D:4      | Reached skill level 5 in Fighting
  3105 | D:4      | Your scales start taking on an icy white colour.
  3105 | D:4      | Reached XP level 7. HP: 36/61 MP: 7/7
  3105 | D:4      | Gained mutation: Your flesh is cold resistant. (rC+) [White
                  | Draconian growth]
  3248 | D:4      | Reached skill level 6 in Maces & Flails
  3272 | D:4      | Found Ilahu's Antique Weapon Shop.
  3326 | D:4      | Found Mietziek's Magic Scroll Shop.
  3914 | D:5      | Entered Level 5 of the Dungeon
  4000 | D:5      | Found a sand-covered staircase.
  4011 | Ossuary  | Entered an ossuary
  4235 | Ossuary  | Reached XP level 8. HP: 70/70 MP: 8/8
  4239 | Ossuary  | Reached **** piety under Trog
  4246 | Ossuary  | Reached skill level 7 in Maces & Flails
  4410 | Ossuary  | Reached skill level 5 in Dodging
  4623 | Ossuary  | Identified 2 scrolls of acquirement
  4623 | Ossuary  | Acquired the amulet of the Tempest {Faith rF+ rC+ rCorr}
  4634 | Ossuary  | Acquired 302 gold pieces
  4670 | D:5      | Reached skill level 8 in Maces & Flails
  4680 | D:5      | Identified the +0 helmet of Vlad {Will+ Regen+}
  4931 | D:5      | Noticed Menkaure
  4935 | D:5      | Killed Menkaure
  5222 | D:5      | Reached XP level 9. HP: 51/75 MP: 9/9
  5459 | D:5      | Found a runed translucent door.
  5460 | D:5      | Noticed Crazy Yiuf
  5468 | D:5      | Killed Crazy Yiuf
  5736 | D:6      | Reached skill level 5 in Shields
  5737 | D:6      | Reached ***** piety under Trog
  5826 | D:6      | Reached skill level 9 in Maces & Flails
  6515 | D:6      | Received a gift from Trog
  6516 | D:6      | Reached skill level 10 in Maces & Flails
  6971 | D:7      | Noticed Harold
  6975 | D:7      | Found a glowing golden altar of the Shining One.
  6987 | D:7      | Killed Harold
  6990 | D:7      | Reached XP level 10. HP: 43/83 MP: 10/10
  7314 | D:7      | Found a runed translucent gate.
  7314 | D:7      | Found a runed translucent gate.
  7314 | D:7      | Found a runed translucent gate.
  7599 | D:7      | Noticed Daunt's ghost (novice DEFE)
  7660 | D:7      | Reached skill level 11 in Maces & Flails
  7952 | D:8      | Noticed a two-headed ogre
  7957 | D:8      | Killed a two-headed ogre
  8697 | D:4      | Bought a scroll of acquirement for 728 gold pieces
  8700 | D:4      | Acquired the ring "Unwo" {rElec rPois rF+ Will+ Stlth+}
  9008 | D:9      | Reached skill level 12 in Maces & Flails
  9250 | D:9      | Found Muppinev's Assorted Antiques.
  9415 | D:9      | Identified the +3 flail "Ynyag" {pain, Dex+5}
  9592 | D:9      | Found a staircase to the Orcish Mines.
 10001 | D:10     | Entered Level 10 of the Dungeon
 10001 | D:10     | Noticed a two-headed ogre
 10011 | D:10     | HP: 5/124 [two-headed ogre (22)]
 10011 | D:10     | Slain by a two-headed ogre

Illustrated notes

Levels and vault maps discovered:
D:1:      lightli_arrival_maybe_door_vault, layout_rooms,
          shapermc_ecumenical_altar_acropolis
D:2:      minmay_general_purpose_star, layout_basic, minmay_cupped,
          uniq_terence, uniq_robin, uniq_natasha
D:3:      wander_river, layout_loops_ring, mainiacjoe_overflow_chevrons
D:4:      layout_loops_corners, minmay_temple_entry_large_hall, serial_shops,
          nicolae_shop_stone, kennysheep_mini_moat, shop
D:5:      layout_rooms, gup_ossuary_entry_pyramid,
          kennysheep_opposing_triangles, uniq_crazy_yiuf_cottage, uniq_menkaure
D:6:      minmay_angry_zag, layout_basic, minmay_gold_behind_fungi
D:7:      layout_cave_pools, tso_metal_star, gammafunk_ghost_necromancy,
          uniq_harold
D:8:      layout_gridville
D:9:      layout_cave_pods, zombieorc2_lemuel, serial_shops,
          nicolae_stop_n_shop_1, chequers_serial_rivers_small_b
D:10:     kennysheep_kobold_lugonu_temple, layout_rooms, david_lair_shrubbed

Skill      XL: |  1  2  3  4  5  6  7  8  9 10 |
---------------+-------------------------------+-----
Dodging        | 3 4 5 6 |  6.0
Maces & Flails | 4 5 6 8 10 12 | 12.4
Fighting       | 4 5 6 |  6.0
Shields        | 1 3 4 6 8 |  8.1

Action                   |  1- 3 |  4- 6 |  7- 9 | 10-12 || total
-------------------------+-------+-------+-------+-------++-------
Melee: Mace              |    48 |       |       |       ||    48
       Tailslap          |    10 |    11 |    42 |    36 ||    99
       Flail             |    27 |       |       |       ||    27
       Morningstar       |     7 |   133 |   324 |   214 ||   678
Throw: Stone             |     5 |       |    91 |    10 ||   106
       Dart              |       |       |       |     1 ||     1
Invok: Berserk           |     3 |     3 |     4 |     4 ||    14
       Trog's Hand       |       |       |     3 |     1 ||     4
       Brothers in Arms  |       |       |       |     1 ||     1
 Abil: Breathe Frost     |       |       |    14 |     5 ||    19
  Use: Scroll            |       |    11 |    11 |     4 ||    26
 Stab: Sleeping          |       |       |       |     1 ||     1
Armor: Skin              |    25 |    45 |    70 |    56 ||   196
Dodge: Dodged            |    53 |    85 |   189 |   112 ||   439
Block: Buckler           |       |     8 |    74 |    54 ||   136

Table legend: (Time is in decaauts)
 A = Elapsed time spent in this place.
 B = Non-inter-level travel time spent in this place.
 C = Inter-level travel time spent in this place.
 D = Time resting spent in this place.
 E = Time spent auto-exploring this place.
 F = Levels seen in this place.
 G = Mean time per level.
                   A        B        C        D        E       F      G
               +--------+--------+--------+--------+--------+-----+--------+
         Total |  10259 |   9805 |    454 |    766 |   7094 |  11 |  932.6 |
       Dungeon |   9584 |   9130 |    454 |    601 |   6881 |  10 |  958.4 |
       Ossuary |    675 |    675 |      0 |    165 |    213 |   1 |  675.0 |
               +--------+--------+--------+--------+--------+-----+--------+

Top non-repeatable levels by time:
     D:6: 1409 daAuts
     D:4: 1378 daAuts
     D:9: 1221 daAuts
     D:7: 1191 daAuts
     D:5: 1112 daAuts
     D:1: 970 daAuts
     D:3: 874 daAuts
     D:2: 864 daAuts
 Ossuary: 675 daAuts
     D:8: 554 daAuts
    D:10: 9 daAuts
